[Event "Titled Tuesday Blitz November 29 Early 2022"]
[White "Gatterer, Florian"]
[Black "Zacurdajev, Dmitry"]
[WhiteFideId "811688"]
[BlackFideId "4196309"]
[WhiteElo "2218"]
[BlackElo "2179"]
[Result "1-0"]
[Round "07"]
[TimeControl "180+1"]
[Date "2022.11.30"]
[WhiteClock "0:00:14"]
[BlackClock "0:00:07"]

1. c4 Nf6 2. Nc3 e6 3. Nf3 d5 4. e3 Be7 5. b3 O-O 6. Bb2 c5 7. cxd5 Nxd5 8. Nxd5 Qxd5 9. Bc4 Qh5 10. g4 Qh6 11. Qe2 Nc6 12. h4 Nb4 13. O-O-O Nxa2+ 14. Kb1 Nb4 15. h5 f6 16. g5 fxg5 17. Ne5 Qf6 18. f4 Qf5+ 19. e4 Qxf4 20. Rdf1 Qg3 21. Rxf8+ Bxf8 22. h6 Nc6 23. Nxc6 bxc6 24. hxg7 Bxg7 25. Qh5 Bxb2 26. Qxh7+ Kf8 27. Rf1+ Ke8 28. Kxb2 Qe5+ 29. Ka2 Qd6 30. Qh8+ Ke7 31. Qg7+ Ke8 32. Qg8+ Kd7 33. Rf7+ Qe7 34. Rxe7+ Kxe7 35. Qxg5+ Kd6 36. e5+ Kc7 37. Qg7+ Kb6 38. Qe7 a5 39. Ka3 a4 40. bxa4 Bb7 41. Bxe6 Rh8 42. Bc4 Rh3+ 43. Kb2 Rh2 44. Qd8+ Ka7 45. e6 1-0


[Site "https://www.chess.com"]

[Event "Titled Tuesday Blitz November 29 Early 2022"]
[White "Georg, Heinz"]
[Black "Floresvillar Gonzalez, Luis Migu"]
[WhiteFideId "4607295"]
[BlackFideId "5100542"]
[WhiteElo "2312"]
[BlackElo "2040"]
[Result "1/2-1/2"]
[Round "07"]
[TimeControl "180+1"]
[Date "2022.11.30"]
[WhiteClock "0:00:54"]
[BlackClock "0:00:49"]

1. e4 c6 2. d4 d5 3. exd5 cxd5 4. c4 Nf6 5. Nc3 e6 6. Nf3 Bb4 7. cxd5 Nxd5 8. Bd2 Nxc3 9. bxc3 Be7 10. Bd3 Nd7 11. Qe2 Nf6 12. Ne5 O-O 13. O-O b6 14. Nc6 Qc7 15. Nxe7+ Qxe7 16. c4 Bb7 17. d5 Rfe8 18. Rfe1 Rad8 19. Bc3 Qa3 20. Bxf6 gxf6 21. Qf3 f5 22. Re3 Qc3 23. Rae1 Qf6 24. Qf4 e5 25. Qxf5 Qxf5 26. Bxf5 f6 27. Be6+ Kf8 28. g4 Bc8 29. f4 Bxe6 30. dxe6 Rxe6 31. fxe5 fxe5 32. Rxe5 Rxe5 33. Rxe5 Rd4 34. Rf5+ Kg7 35. h3 Rxc4 36. Rf2 Ra4 37. Kg2 h5 38. Kg3 hxg4 39. hxg4 Kg6 40. Rd2 Ra3+ 41. Kh4 b5 42. Rd6+ Kg7 43. Rd7+ Kg6 44. Rd6+ Kg7 45. Rd7+ Kg6 46. Rd6+ 1/2-1/2


[Site "https://www.chess.com"]

[Event "Titled Tuesday Blitz November 29 Early 2022"]
[White "Gheorghiu, Calin"]
[Black "Gabrielian, Artur"]
[WhiteFideId "1200305"]
[BlackFideId "4131002"]
[WhiteElo "2225"]
[BlackElo "2432"]
[Result "1/2-1/2"]
[Round "07"]
[TimeControl "180+1"]
[Date "2022.11.30"]
[WhiteClock "0:00:08"]
[BlackClock "0:00:17"]

1. e4 c5 2. Nf3 d6 3. d4 cxd4 4. Nxd4 Nf6 5. Nc3 Nc6 6. Bg5 e6 7. f3 a6 8. Qd2 Bd7 9. O-O-O Nxd4 10. Qxd4 h6 11. Be3 Bc6 12. g4 d5 13. exd5 Nxd5 14. Nxd5 Qxd5 15. Qxd5 Bxd5 16. Be2 Be7 17. c4 Bc6 18. a3 Rc8 19. Kb1 Bg5 20. Rd3 Bxe3 21. Rxe3 g5 22. h4 Ke7 23. b4 f6 24. Bd3 e5 25. Be4 Bxe4+ 26. Rxe4 Rcd8 27. Kc2 Ke6 28. Kc3 h5 29. hxg5 hxg4 30. Rxh8 Rxh8 31. Rxg4 f5 32. Rg3 f4 33. Rg1 Rh3 34. g6 Rg3 35. Rd1 Rxf3+ 36. Kb2 Rg3 37. c5 Rxg6 38. Rd6+ Kf5 39. Rd7 b6 40. Rf7+ Kg4 41. Kc3 f3 42. Kc4 bxc5 43. bxc5 Kg3 44. Kd5 Rg5 45. c6 f2 46. c7 Rg8 47. Kxe5 Kg2 48. Kd6 f1=Q 49. Rxf1 Kxf1 50. Kd7 Ke2 51. c8=Q Rxc8 52. Kxc8 a5 53. Kb7 Kd3 54. Kb6 Kc4 55. Kxa5 Kc5 56. Ka6 Kc6 57. a4 Kc7 58. a5 Kb8 59. Kb5 Ka7 60. a6 Ka8 61. Kb6 Kb8 62. a7+ Ka8 63. Ka6 1/2-1/2


[Site "https://www.chess.com"]

[Event "Titled Tuesday Blitz November 29 Early 2022"]
[White "Girel, Joseph"]
[Black "Leenhouts, Koen"]
[WhiteFideId "36033561"]
[BlackFideId "1008439"]
[WhiteElo "2281"]
[BlackElo "2409"]
[Result "0-1"]
[Round "07"]
[TimeControl "180+1"]
[Date "2022.11.30"]
[WhiteClock "0:00:21"]
[BlackClock "0:00:05"]

1. e4 e5 2. Nf3 d6 3. d4 exd4 4. Nxd4 Nf6 5. Nc3 Be7 6. g3 O-O 7. Bg2 c6 8. O-O b5 9. e5 dxe5 10. Nxc6 Nxc6 11. Bxc6 Bh3 12. Re1 b4 13. Nd5 Nxd5 14. Qxd5 Rc8 15. Be3 Qxd5 16. Bxd5 Rxc2 17. b3 a5 18. Rec1 Rfc8 19. Bc4 Rxc1+ 20. Rxc1 Kf8 21. Bb6 Bd8 22. Be3 Bd7 23. Rd1 Bg4 24. Rd6 a4 25. Ra6 a3 26. Ra7 Be7 27. Kg2 Be6 28. Ba6 Bd5+ 29. Kh3 Rc2 30. Bb7 Bxb7 31. Rxb7 f5 32. Rb8+ Kf7 33. Rb7 Ke6 34. Rb6+ Kd5 35. Rb7 Bd6 36. Rxg7 Rxa2 37. Rxh7 Rb2 38. Ra7 Rxb3 39. Kg2 Rxe3 40. fxe3 b3 41. h4 b2 42. Rb7 a2 43. Rxb2 a1=Q 44. Rf2 Ke4 45. h5 Qd1 46. h6 Qh5 47. Ra2 Qxh6 48. Ra4+ Kxe3 49. Ra5 Bc5 50. Rxc5 Kd4 51. Rc2 Qe3 52. Ra2 Qe4+ 53. Kh2 Qe3 54. Ra4+ Kd5 55. Ra5+ Ke4 56. Ra2 Qd4 57. Kg2 Kd5 58. Ra5+ Ke6 59. Ra6+ Kf7 60. Kh2 Qd2+ 61. Kh3 Qe2 62. Ra8 Qg4+ 63. Kh2 Qe2+ 64. Kh3 Qf1+ 65. Kh2 f4 66. Ra2 f3 67. g4 e4 68. Kg3 e3 69. Kf4 e2 70. Kf5 e1=Q 71. Ra7+ Qe7 0-1


[Site "https://www.chess.com"]

[Event "Titled Tuesday Blitz November 29 Early 2022"]
[White "Gonzalez, Francisco Silva"]
[Black "Gabdrakhmanov, Azat"]
[WhiteFideId "1512285"]
[BlackFideId "34189197"]
[WhiteElo "2159"]
[BlackElo "2254"]
[Result "0-1"]
[Round "07"]
[TimeControl "180+1"]
[Date "2022.11.30"]
[WhiteClock "0:00:50"]
[BlackClock "0:00:17"]

1. d4 Nf6 2. c4 g6 3. Nc3 Bg7 4. e4 O-O 5. f3 d6 6. Be3 a6 7. Qd2 c6 8. a4 a5 9. Bd3 Na6 10. Nge2 Nb4 11. Bb1 e5 12. d5 cxd5 13. cxd5 Bd7 14. Ng3 h5 15. Bg5 Qb6 16. Be3 Qa6 17. Kf2 h4 18. Nge2 Rfc8 19. Rd1 Qc4 20. Bg5 h3 21. g4 Nh7 22. Be3 Bf6 23. Kg1 Qc7 24. Ng3 Qd8 25. Bd3 Nxd3 26. Qxd3 Ng5 27. Bf2 Bg7 28. Rf1 Qf6 29. Qe2 Qxf3 30. Bb6 Qxe2 31. Ngxe2 Bxg4 32. Kf2 f5 33. Rg1 Bf6 34. exf5 gxf5 35. Raf1 Bxe2 36. Kxe2 Rxc3 37. bxc3 f4 38. Rxg5+ Bxg5 39. Rg1 Kf7 40. Rxg5 Kf6 41. Rh5 Rg8 42. Rxh3 Kf5 43. Bf2 Ke4 44. c4 Rc8 45. Rh6 Rxc4 46. Rxd6 Rc2+ 47. Ke1 Kf3 48. Bb6 e4 49. Kd1 Rxh2 50. Rf6 e3 51. d6 e2+ 52. Kd2 Rh1 53. Rxf4+ Kxf4 54. Kxe2 Rh7 55. Kd3 Ke5 56. Bc7 Kd5 57. Kc3 Kc6 58. Bxa5 Kxd6 59. Kc4 Kc6 60. Bb4 Rh4+ 61. Kb3 Kd5 62. Bf8 Rf4 63. Be7 Re4 64. Bf8 Re3+ 65. Kb4 Re1 66. Kb5 Rb1+ 67. Ka5 Kc6 68. Be7 b6+ 69. Ka6 Ra1 70. Ka7 Rxa4+ 71. Kb8 b5 72. Bf6 b4 73. Bg7 b3 74. Bf6 Ra2 75. Bg7 b2 76. Bxb2 Rxb2+ 77. Kc8 Rd2 78. Kb8 Kb6 79. Kc8 Rd3 0-1


[Site "https://www.chess.com"]

[Event "Titled Tuesday Blitz November 29 Early 2022"]
[White "Gorodetzky, David"]
[Black "Chigaev, Maksim"]
[WhiteFideId "2813416"]
[BlackFideId "4108116"]
[WhiteElo "2870"]
[BlackElo "3003"]
[Result "0-1"]
[Round "07"]
[TimeControl "180+1"]
[Date "2022.11.30"]
[WhiteClock "0:00:01"]
[BlackClock "0:00:21"]

1. e4 c5 2. c3 d5 3. exd5 Qxd5 4. d4 Nf6 5. Nf3 e6 6. Be3 cxd4 7. cxd4 Bb4+ 8. Nc3 O-O 9. Bd3 b6 10. O-O Bxc3 11. bxc3 Ba6 12. Bxa6 Nxa6 13. Qe2 Nb8 14. c4 Qf5 15. Rac1 Nc6 16. d5 exd5 17. cxd5 Qxd5 18. Rfd1 Qe4 19. Rc4 Qe8 20. Qc2 Na5 21. Rh4 Rc8 22. Qb1 Qc6 23. Bd4 Rfd8 24. Re1 h6 25. h3 Re8 26. Rd1 Rcd8 27. Rc1 Qd6 28. Qa1 Re6 29. Bc3 Nc6 30. Rc4 Ne7 31. Nd4 Re4 32. Nb5 Qf4 33. Rc7 Re2 34. Rf1 Ned5 35. Rxa7 Ne4 36. Be5 Qg5 37. Nd4 Ne3 38. fxe3 Qxg2# 0-1


[Site "https://www.chess.com"]

[Event "Titled Tuesday Blitz November 29 Early 2022"]
[White "Grandelius, Nils"]
[Black "Wagner, Dennis"]
[WhiteFideId "1710400"]
[BlackFideId "24650684"]
[WhiteElo "2617"]
[BlackElo "2470"]
[Result "1-0"]
[Round "07"]
[TimeControl "180+1"]
[Date "2022.11.30"]
[WhiteClock "0:00:37"]
[BlackClock "0:00:07"]

1. g3 c5 2. c4 Nf6 3. Bg2 Nc6 4. Nc3 e6 5. Nf3 d5 6. cxd5 exd5 7. e3 d4 8. Ne2 Be7 9. exd4 cxd4 10. O-O d3 11. Nf4 O-O 12. b3 Bf5 13. Bb2 h6 14. Ne5 Nxe5 15. Bxe5 Ne4 16. Nh5 f6 17. Bb2 Bc5 18. Bxe4 Bxe4 19. Qg4 Qe7 20. Nxg7 Kh7 21. Rae1 Qxg7 22. Qxe4+ Qg6 23. Qxb7+ Kg8 24. Qd5+ Kh7 25. Qxc5 Rae8 26. Re7+ Rxe7 27. Qxe7+ Rf7 28. Qe3 h5 29. Re1 h4 30. Qe4 hxg3 31. Qxg6+ Kxg6 32. hxg3 Rc7 33. Bc3 Kf5 34. Re3 Rd7 35. f3 a5 36. Kf2 a4 37. bxa4 Ra7 38. Rxd3 Rxa4 39. Rd4 Rxa2 40. Rf4+ Kg5 41. Rxf6 Rxd2+ 42. Bxd2+ Kh5 43. g4+ 1-0


[Site "https://www.chess.com"]

[Event "Titled Tuesday Blitz November 29 Early 2022"]
[White "Gurevich, Dmitry"]
[Black "Tokhirjonova, Gulrukhbegim"]
[WhiteFideId "2000407"]
[BlackFideId "14203626"]
[WhiteElo "2506"]
[BlackElo "2236"]
[Result "1/2-1/2"]
[Round "07"]
[TimeControl "180+1"]
[Date "2022.11.30"]
[WhiteClock "0:00:10"]
[BlackClock "0:00:20"]

1. d4 Nf6 2. c4 g6 3. Nc3 d5 4. Nf3 Bg7 5. cxd5 Nxd5 6. Bd2 O-O 7. Rc1 c6 8. e3 Bf5 9. Be2 Nd7 10. O-O N7f6 11. Qb3 Nb6 12. Rfd1 Ne4 13. Be1 Re8 14. a4 Be6 15. Qa3 Nd6 16. b3 a5 17. Ne5 Nd5 18. Bf3 Nb4 19. Ne2 Qb6 20. Nf4 Bf5 21. Be2 Nc2 22. Qb2 Nxe1 23. Rxe1 Rad8 24. Nfd3 Be6 25. Nc5 Bd5 26. f3 f6 27. Ned3 e5 28. dxe5 fxe5 29. e4 Bf7 30. Kh1 Bh6 31. Rc2 Be3 32. Bf1 Bd4 33. Qc1 Kg7 34. f4 exf4 35. e5 Nf5 36. e6 Bg8 37. Qxf4 Bf6 38. Nd7 Qxb3 39. Nxf6 Qxc2 40. Nxe8+ Rxe8 41. Qe5+ Kh6 42. Qf4+ Kg7 43. Qe5+ Kh6 44. Qf4+ Kg7 1/2-1/2


[Site "https://www.chess.com"]

[Event "Titled Tuesday Blitz November 29 Early 2022"]
[White "Hambleton, Aman"]
[Black "Poltorak, Sebastian"]
[WhiteFideId "2606577"]
[BlackFideId "1199498"]
[WhiteElo "2538"]
[BlackElo "2196"]
[Result "1/2-1/2"]
[Round "07"]
[TimeControl "180+1"]
[Date "2022.11.30"]
[WhiteClock "0:00:01"]
[BlackClock "0:01:07"]

1. d4 Nf6 2. c4 g6 3. Nc3 d5 4. cxd5 Nxd5 5. Bd2 Bg7 6. e4 Nxc3 7. Bxc3 O-O 8. Qd2 c5 9. d5 e6 10. Bc4 exd5 11. Bxd5 Nc6 12. Bxc6 Bxc3 13. Qxc3 bxc6 14. Nf3 Ba6 15. Ne5 Re8 16. f3 h5 17. Rd1 Qg5 18. Nd7 Qxg2 19. Nf6+ Kf8 20. Nd7+ Kg8 21. Nf6+ Kf8 22. Nd7+ Kg8 1/2-1/2


[Site "https://www.chess.com"]

[Event "Titled Tuesday Blitz November 29 Early 2022"]
[White "Hansen, Eric"]
[Black "Kamsky, Gata"]
[WhiteFideId "2606771"]
[BlackFideId "2000024"]
[WhiteElo "2978"]
[BlackElo "2859"]
[Result "1/2-1/2"]
[Round "07"]
[TimeControl "180+1"]
[Date "2022.11.30"]
[WhiteClock "0:00:03"]
[BlackClock "0:00:06"]

1. e4 e5 2. Nf3 Nc6 3. Bb5 Nf6 4. d3 d6 5. c3 Bd7 6. O-O g6 7. Re1 Bg7 8. h3 O-O 9. Ba4 Qe8 10. Nbd2 Nh5 11. Nf1 f5 12. d4 fxe4 13. Bb3+ Kh8 14. Rxe4 Na5 15. dxe5 Nxb3 16. axb3 Bc6 17. Re3 dxe5 18. Ra5 e4 19. Nd4 Rd8 20. Qc2 Bd5 21. Re1 b6 22. Rxa7 c5 23. Ne2 Be5 24. Bh6 Bb8 25. Bxf8 Bxa7 26. Bh6 Bb8 27. Rd1 Bc6 28. Rd2 Kg8 29. Ne3 Bc7 30. Ng4 Rxd2 31. Qxd2 Qd7 32. Qe1 Qd6 33. Bg5 Qd5 34. Be3 Kf7 35. c4 Qd3 36. Nc3 Ng7 37. Nh6+ Ke6 38. f3 Nf5 39. Nxf5 gxf5 40. fxe4 Bxe4 41. Qf2 Bc6 42. Bf4 Bd8 43. Qe1+ Kf7 44. Qe5 Qd4+ 45. Kh2 Qxe5 46. Bxe5 Bg5 47. Kg3 Bc1 48. Ne2 Bd2 49. Kf2 Be4 50. Bc3 Bg5 51. b4 Bd3 52. b3 Bc2 53. bxc5 bxc5 54. b4 cxb4 55. Bxb4 Bd3 56. c5 Ke6 57. Nd4+ Kd5 58. Nf3 Bf6 59. Ke3 Bf1 60. Kf2 Bb5 61. Ke3 Bf1 62. Kf2 Bb5 63. Ba3 f4 64. Ke1 Ke4 65. Kf2 h6 66. Nd2+ Kd3 67. Nf3 Ke4 68. Nd2+ Kd3 69. Nf3 Ke4 1/2-1/2


[Site "https://www.chess.com"]

[Event "Titled Tuesday Blitz November 29 Early 2022"]
[White "Havas, Ladislav"]
[Black "Principe, Gerson"]
[WhiteFideId "14501090"]
[BlackFideId "3804550"]
[WhiteElo "2199"]
[BlackElo "2280"]
[Result "1/2-1/2"]
[Round "07"]
[TimeControl "180+1"]
[Date "2022.11.30"]
[WhiteClock "0:00:41"]
[BlackClock "0:00:16"]

1. d4 Nf6 2. Bg5 e6 3. Nc3 d5 4. e4 dxe4 5. Nxe4 Be7 6. Bxf6 Bxf6 7. Nf3 Nd7 8. c3 Be7 9. Bd3 c6 10. Qe2 b6 11. Rd1 Bb7 12. O-O Qc7 13. Rfe1 O-O 14. h3 c5 15. dxc5 Nxc5 16. Nxc5 Bxc5 17. Ne5 Rad8 18. Bb1 Rxd1 19. Rxd1 Rd8 20. Rxd8+ Qxd8 21. b4 Qd5 22. Bxh7+ Kf8 23. Nf3 Be7 24. Bb1 Bf6 25. c4 Qd6 26. a3 a5 27. bxa5 bxa5 28. Qd3 Qc6 29. h4 e5 30. Qd5 Qxd5 31. cxd5 Bxd5 32. h5 Ke7 33. Nd2 Kd7 34. Ne4 Be7 35. Nc3 Bb3 36. Bf5+ Kd8 37. g4 Bxa3 38. g5 Bc1 39. h6 gxh6 40. gxh6 Bxh6 41. Ne4 a4 42. Nc5 Bd2 43. Nxb3 axb3 44. Bb1 Ke7 45. Kf1 Kd6 46. Ke2 Bf4 47. Kd3 Kc5 48. Kc3 Bh2 49. Kxb3 Kd4 50. f3 f5 51. Bxf5 Ke3 52. Be4 Kf4 53. Kc4 Bg3 54. Kd5 Bh2 55. Kd6 Bg3 56. Kd5 Bf2 57. Kd6 Be3 58. Kd5 Bf2 59. Kd6 Bd4 60. Kd5 Be3 61. Kc4 Bd4 62. Kd3 Be3 63. Ke2 Bd4 64. Ke1 Be3 65. Ke2 Bd4 66. Kd3 Be3 67. Ke2 1/2-1/2


[Site "https://www.chess.com"]

[Event "Titled Tuesday Blitz November 29 Early 2022"]
[White "Hoffmann, Asa"]
[Black "Fromm, Marius"]
[WhiteFideId "2001470"]
[BlackFideId "12993190"]
[WhiteElo "2117"]
[BlackElo "2325"]
[Result "0-1"]
[Round "07"]
[TimeControl "180+1"]
[Date "2022.11.30"]
[WhiteClock "0:00:20"]
[BlackClock "0:00:18"]

1. d4 d5 2. Bg5 h6 3. Bh4 c5 4. e3 Nf6 5. c3 Qb6 6. b3 Nc6 7. Bd3 e5 8. Nd2 cxd4 9. cxd4 exd4 10. exd4 Nxd4 11. Ngf3 Nxf3+ 12. Qxf3 Bb4 13. Bxf6 Qxf6 14. Qxf6 gxf6 15. O-O-O Be6 16. Nf3 Rc8+ 17. Kb1 Bc3 18. Nh4 Kd7 19. g3 a6 20. Ng2 Kd6 21. Nf4 Be5 22. Ne2 h5 23. f4 Bc3 24. f5 Bd7 25. Be4 Be5 26. Rxd5+ Ke7 27. Rd3 Bb5 28. Rd2 h4 29. g4 Rc7 30. Rhd1 Bxh2 31. Nd4 Be5 32. Nxb5 axb5 33. Bd3 b4 34. Be4 h3 35. Rc2 Rxc2 36. Kxc2 h2 37. Bh1 b6 38. Rd5 Rc8+ 39. Kd2 Bf4+ 40. Ke2 Rc2+ 41. Kf3 Be5 42. Rb5 Rc1 43. Kg2 Rg1+ 44. Kf3 Rxh1 0-1


[Site "https://www.chess.com"]

[Event "Titled Tuesday Blitz November 29 Early 2022"]
[White "Ilkhomi, Jaloliddin"]
[Black "Rosen, Eric"]
[WhiteFideId "14700948"]
[BlackFideId "2032562"]
[WhiteElo "2045"]
[BlackElo "2362"]
[Result "0-1"]
[Round "07"]
[TimeControl "180+1"]
[Date "2022.11.30"]
[WhiteClock "0:00:57"]
[BlackClock "0:01:13"]

1. d4 d5 2. Bf4 Nf6 3. e3 c5 4. c3 Nc6 5. Nd2 Bf5 6. Ngf3 cxd4 7. exd4 e6 8. Qb3 Bd6 9. Ne5 O-O 10. Be2 Qc7 11. Ndf3 Nh5 12. Bg3 Nxg3 13. hxg3 Nxe5 14. dxe5 Bxe5 15. Qd1 h6 16. Bd3 Bg4 17. Qe2 Bxc3+ 18. Kf1 Bf6 19. Kg1 Rac8 20. Kh2 e5 21. Rac1 Qb6 22. Bb1 e4 23. Rxc8 Rxc8 24. Rc1 Rxc1 0-1


[Site "https://www.chess.com"]

[Event "Titled Tuesday Blitz November 29 Early 2022"]
[White "Indjic, Aleksandar"]
[Black "Chernobay, Artem"]
[WhiteFideId "911925"]
[BlackFideId "4167406"]
[WhiteElo "2592"]
[BlackElo "2473"]
[Result "1-0"]
[Round "07"]
[TimeControl "180+1"]
[Date "2022.11.30"]
[WhiteClock "0:00:46"]
[BlackClock "0:00:02"]

1. d4 Nf6 2. c4 e6 3. Nf3 d5 4. g3 dxc4 5. Bg2 Nc6 6. O-O Rb8 7. e3 b5 8. Qe2 Bb7 9. b3 cxb3 10. axb3 a6 11. Rd1 Nb4 12. Bd2 Ne4 13. Be1 Be7 14. Ne5 O-O 15. Bxb4 Bxb4 16. Qc2 Nf6 17. Bxb7 Rxb7 18. Rxa6 Bd6 19. Nc6 Qd7 20. Nd2 Rb6 21. Rda1 Rxa6 22. Rxa6 Nd5 23. Ne4 h6 24. Nc5 Bxc5 25. Qxc5 Re8 26. Ra7 b4 27. Ne5 Qe7 28. Qxe7 Rxe7 29. Nd3 Re8 30. Kf1 Rb8 31. Ke1 Kf8 32. Kd2 Ke8 33. e4 Nf6 34. f3 Rd8 35. Ke3 Kd7 36. Nc5+ Kc6 37. Ra6+ Kb5 38. Ra7 e5 39. Rb7+ Kc6 40. Rxb4 exd4+ 41. Rxd4 Rb8 42. Rc4 Kd6 43. b4 Ra8 44. Rc3 Ra2 45. h3 g5 46. Nb3 Nh5 47. Nd4 Nxg3 48. Rc6+ Kd7 49. Rxh6 Rb2 50. b5 1-0


[Site "https://www.chess.com"]

[Event "Titled Tuesday Blitz November 29 Early 2022"]
[White "Ingebretsen, Jens E"]
[Black "Salinas Herrera, Pablo"]
[WhiteFideId "1522965"]
[BlackFideId "3407128"]
[WhiteElo "2213"]
[BlackElo "2557"]
[Result "1-0"]
[Round "07"]
[TimeControl "180+1"]
[Date "2022.11.30"]
[WhiteClock "0:00:26"]
[BlackClock "0:00:03"]

1. c4 e5 2. Nc3 Nc6 3. g3 Bc5 4. Bg2 d6 5. e3 a6 6. Nge2 Ba7 7. O-O h5 8. d4 Nge7 9. d5 Nb8 10. h4 Bg4 11. b4 Nd7 12. Bb2 Nf6 13. e4 Qd7 14. Qd3 Bh3 15. Rac1 O-O 16. c5 Ng6 17. Nd1 a5 18. a3 axb4 19. axb4 Bxg2 20. Kxg2 dxc5 21. bxc5 c6 22. Ne3 Rfd8 23. Rfd1 Rac8 24. d6 b6 25. cxb6 Bxb6 26. Nf5 Qe6 27. Qc4 Qd7 28. Rb1 Rb8 29. Bc3 Kh7 30. Rxb6 Rxb6 31. Ba5 Rdb8 32. Bxb6 Rxb6 33. Nc3 Ng4 34. Rd2 Rb8 35. Na4 Rd8 36. Nc5 Qa7 37. d7 Nf6 38. Qxf7 Rg8 39. Nxg7 Rxg7 40. Qxf6 1-0


[Site "https://www.chess.com"]

[Event "Titled Tuesday Blitz November 29 Early 2022"]
[White "Janaszak, Dawid"]
[Black "Oro, Faustino"]
[WhiteFideId "1119206"]
[BlackFideId "20000197"]
[WhiteElo "2226"]
[BlackElo "2066"]
[Result "0-1"]
[Round "07"]
[TimeControl "180+1"]
[Date "2022.11.30"]
[WhiteClock "0:00:01"]
[BlackClock "0:00:10"]

1. e4 e5 2. Nf3 Nc6 3. d4 exd4 4. Nxd4 Bc5 5. Nb3 Bb6 6. Nc3 Nf6 7. Bg5 d6 8. Qe2 h6 9. Bh4 O-O 10. O-O-O Be6 11. f3 Ne5 12. g4 Ng6 13. Bg3 a5 14. e5 Ne8 15. Nd4 Qg5+ 16. Kb1 Bxd4 17. Rxd4 dxe5 18. Ne4 Qe7 19. Rd1 Nd6 20. h4 Bc4 21. Qe3 Bxf1 22. Rdxf1 Nc4 23. Qc3 Qb4 24. Qxb4 axb4 25. Be1 f5 26. gxf5 Rxf5 27. Bxb4 Rf4 28. h5 Nh4 29. b3 Ne3 30. Re1 Nhg2 31. Re2 Rxf3 32. Bd2 Raf8 33. Kb2 R8f4 34. Nc5 b6 35. Nd3 Rf5 36. Rg1 e4 37. Nc1 Rxh5 38. Rgxg2 Nxg2 39. Rxg2 Kh7 40. Ne2 g5 41. Nd4 Rf7 42. Re2 Rh4 43. Bc3 Kg6 44. Ne6 Rg4 45. Rd2 e3 46. Re2 Re4 47. Nd8 Rd7 48. Nc6 Kf5 49. Nb4 c5 50. Nd3 h5 51. Ne1 h4 52. Ng2 Rde7 53. Be1 Kg4 0-1


[Site "https://www.chess.com"]

[Event "Titled Tuesday Blitz November 29 Early 2022"]
[White "Jumabayev, Rinat"]
[Black "Cardoso Cardoso, Jose Gabriel"]
[WhiteFideId "13702661"]
[BlackFideId "4430492"]
[WhiteElo "2561"]
[BlackElo "2484"]
[Result "1-0"]
[Round "07"]
[TimeControl "180+1"]
[Date "2022.11.30"]
[WhiteClock "0:00:08"]
[BlackClock "0:00:01"]

1. e3 d5 2. Nf3 Nf6 3. b3 c5 4. Bb2 Nc6 5. Bb5 Qb6 6. c4 a6 7. Ba4 dxc4 8. Ne5 Bd7 9. Bxc6 Bxc6 10. Nxc4 Qd8 11. Ne5 Bxg2 12. Rg1 Qd5 13. f4 Be4 14. Nc3 Qd6 15. Nxe4 Nxe4 16. Qc2 Nf6 17. O-O-O e6 18. Kb1 Rc8 19. d4 Qc7 20. Rc1 b6 21. f5 exf5 22. Qxf5 Qb7 23. Ka1 Rd8 24. dxc5 bxc5 25. Rcd1 Rxd1+ 26. Rxd1 Be7 27. Ng4 Qc6 28. Nxf6+ Bxf6 29. Bxf6 Qxf6+ 30. Qxf6 gxf6 31. Rd6 Rg8 32. Rxf6 Rg1+ 33. Kb2 Rg2+ 34. Ka3 Rxh2 35. Rxa6 h5 36. Rc6 Ke7 37. Rxc5 Ke6 38. b4 Rh3 39. Ka4 f5 40. b5 Rxe3 41. b6 Re2 42. b7 Rb2 43. Rb5 Rxa2+ 44. Kb3 1-0


[Site "https://www.chess.com"]

[Event "Titled Tuesday Blitz November 29 Early 2022"]
[White "Koellner, Ruben Gideon"]
[Black "Ivic, Velimir"]
[WhiteFideId "12993093"]
[BlackFideId "950122"]
[WhiteElo "2303"]
[BlackElo "2625"]
[Result "0-1"]
[Round "07"]
[TimeControl "180+1"]
[Date "2022.11.30"]
[WhiteClock "0:00:11"]
[BlackClock "0:00:12"]

1. d4 Nf6 2. Bg5 Ne4 3. Bf4 g6 4. f3 Nf6 5. e4 d6 6. Nc3 Bg7 7. Qd2 c6 8. O-O-O Nbd7 9. Bh6 Bxh6 10. Qxh6 Qa5 11. g4 b5 12. Kb1 b4 13. Nce2 Ba6 14. h4 c5 15. h5 Rg8 16. hxg6 hxg6 17. Qe3 c4 18. Nc1 Nb6 19. Nh3 c3 20. Bxa6 Qxa6 21. b3 Qb5 22. Qe2 Qd7 23. Nf4 g5 24. Nh5 Nxh5 25. Rxh5 a5 26. Rdh1 Qc6 27. Rh8 Kd7 28. Rxg8 Rxg8 29. Rh7 Rf8 30. Qa6 Ra8 31. Qe2 Rf8 32. Qe3 a4 33. Rh2 axb3 34. cxb3 Qb5 35. Qd3 Qa5 36. Qc2 Ra8 37. Rh7 f6 38. Nd3 Qb5 39. Rh1 Rf8 40. Nc1 Nc8 41. Qe2 Qb6 42. Qc4 Na7 43. Nd3 Nc6 44. d5 Ne5 45. Qxb4 Qxb4 46. Nxb4 Nxf3 47. Kc2 Ne5 48. Kxc3 Nxg4 49. a4 Rc8+ 50. Nc6 Ne5 51. b4 Nxc6 52. dxc6+ Rxc6+ 53. Kd4 Rc2 54. Ra1 Kc6 55. a5 Kb5 56. a6 Rc8 57. a7 Ra8 58. Kd5 g4 59. Ke6 g3 60. Kxe7 g2 61. Kxf6 Rxa7 62. Rg1 Ra2 63. Ke6 Rd2 64. e5 d5 65. Kf5 d4 66. Ke4 Kc4 67. e6 d3 68. Kf3 Re2 69. Rxg2 Rxe6 70. Rg4+ Kc3 71. b5 d2 72. Rg1 Kc2 73. b6 d1=Q+ 74. Rxd1 Kxd1 75. b7 Rb6 76. Ke4 Rxb7 77. Kd5 Rb2 78. Kc4 Rd2 79. Kc3 Ke2 80. Kc4 Rd3 81. Kc5 Re3 82. Kc6 Kd3 83. Kc7 Kd4 84. Kd8 Kd5 85. Kd7 Re6 86. Kd8 Kc6 87. Kc8 Re8# 0-1


[Site "https://www.chess.com"]

[Event "Titled Tuesday Blitz November 29 Early 2022"]
[White "Kovacevic, Radmila"]
[Black "Malka, Samuel"]
[WhiteFideId "933171"]
[BlackFideId "20643675"]
[WhiteElo "2208"]
[BlackElo "2458"]
[Result "0-1"]
[Round "07"]
[TimeControl "180+1"]
[Date "2022.11.30"]
[WhiteClock "0:00:02"]
[BlackClock "0:00:44"]

1. e4 c5 2. Be2 Nc6 3. f4 e6 4. Nf3 d5 5. d3 Bd6 6. O-O Nge7 7. c3 O-O 8. Qe1 f6 9. Bd1 Rb8 10. e5 Bc7 11. d4 cxd4 12. cxd4 Nf5 13. g4 Nfxd4 14. Nxd4 Nxd4 15. exf6 Qxf6 16. Nc3 b5 17. Be3 b4 18. Ne2 Nxe2+ 19. Qxe2 Bd7 20. g5 Qf7 21. Bc2 Bb5 22. Bxh7+ Kxh7 23. Qc2+ Kg8 24. Rf3 Bb6 25. Bxb6 axb6 26. Re1 Qf5 27. Qg2 Bd3 28. Re5 Qg6 29. Rg3 Bf5 30. h4 Rbc8 0-1


[Site "https://www.chess.com"]

[Event "Titled Tuesday Blitz November 29 Early 2022"]
[White "Kulkarni, Vikramaditya"]
[Black "Arabidze, Meri"]
[WhiteFideId "5009847"]
[BlackFideId "13604040"]
[WhiteElo "2273"]
[BlackElo "2403"]
[Result "0-1"]
[Round "07"]
[TimeControl "180+1"]
[Date "2022.11.30"]
[WhiteClock "0:00:02"]
[BlackClock "0:00:05"]

1. d4 f5 2. g3 Nf6 3. Bg2 e6 4. c4 c6 5. Nh3 Be7 6. O-O O-O 7. b3 d6 8. Nc3 Qe8 9. Bb2 Na6 10. Re1 e5 11. dxe5 dxe5 12. Ng5 h6 13. Nf3 e4 14. Nd4 Ng4 15. h3 Ne5 16. f4 Ng6 17. e3 Nc5 18. Re2 Nd3 19. Rd2 Bf6 20. Rxd3 exd3 21. Qxd3 Be6 22. Ba3 Rf7 23. Nd5 Bxd4 24. exd4 cxd5 25. cxd5 Bd7 26. d6 Kh7 27. Bxb7 Rb8 28. Bf3 Bb5 29. Qd2 Rd7 30. Re1 Qf7 31. d5 Rb6 32. Re6 Nf8 33. Qe3 Ra6 34. Re7 Rxe7 35. dxe7 Rxa3 36. Qc5 Ng6 37. d6 Ra5 38. a4 Qe6 39. axb5 Qe1+ 40. Kh2 Ra2+ 41. Bg2 Qe4 42. Qg1 Nxe7 43. dxe7 Qxe7 44. Qb1 Re2 45. Qxf5+ g6 46. Qd5 h5 47. h4 Kh6 48. Kh3 Qe6+ 49. Qxe6 Rxe6 50. Bd5 Re3 51. Kg2 Rc3 52. Bc4 Kg7 53. Kf2 Kf6 54. Kg2 Kf5 55. Kf2 Ke4 56. Kg2 Rc2+ 57. Kh3 Kf3 58. Bd5+ Kf2 59. Bc4 Kg1 60. g4 Rc3+ 0-1


[Site "https://www.chess.com"]